 Dungeon Crawl Stone Soup version 0.24-a0-536-gdd4cf15266 (webtiles) character file.

Game seed: 16018953508202450775

170 Mithandil the Shield-Bearer (level 5, -2/46 HPs)
             Began as a Minotaur Fighter on Aug 11, 2019.
             Slain by an ogre
             ... wielding a +0 giant club
              (19 damage)
             ... on level 4 of the Dungeon.
             The game lasted 00:12:44 (2730 turns).

Mithandil the Shield-Bearer (Minotaur Fighter)      Turns: 2730, Time: 00:12:45

Health: -2/46      AC: 12    Str: 18 (20) XL:     5   Next: 25%
Magic:  4/4        EV:  5    Int:  6 (7)  God:
Gold:   235        SH:  9    Dex: 10 (11) Spells: 4/4 levels left

rFire    . . .     SeeInvis .   a - +0 war axe
rCold    + . .     Gourm    .   c - +0 shield
rNeg     . . .     Faith    .   x - +0 chain mail
rPois    .         Spirit   .   (helmet restricted)
rElec    .         Reflect  .   t - +2 cloak
rCorr    .         Harm     .   (no gloves)
MR       .....                  (no boots)
Stlth    ..........             (no amulet)
HPRegen  0.15/turn              l - ring of protection from cold
MPRegen  0.09/turn              u - +2 ring of intelligence

@: no status effects
A: retaliatory headbutt, horns 2
a: no special abilities


You were on level 4 of the Dungeon.
You were not hungry.

You visited 1 branch of the dungeon, and saw 4 of its levels.

You collected 235 gold pieces.

Inventory:

Hand Weapons
 a - a +0 war axe (weapon)
 b - a +0 hunting sling
Missiles
 g - 15 poisoned darts (quivered)
 i - 17 sling bullets
 n - 44 bolts
Armour
 c - a +0 shield (worn)
 t - a +2 cloak (worn)
 x - a +0 chain mail (worn)
Jewellery
 l - a ring of protection from cold (left hand)
 u - a +2 ring of intelligence (right hand)
Wands
 j - a wand of flame (9)
Scrolls
 h - a scroll of enchant armour
 k - 4 scrolls of remove curse
 m - 2 scrolls of teleportation
 p - a scroll of amnesia
Potions
 d - a potion of might
 e - a potion of agility {unknown}
Comestibles
 f - 4 rations
 o - a chunk of flesh


   Skills:
 + Level 4.2 Fighting
 * Level 4.1 Axes
 + Level 4.2 Armour
 + Level 1.7 Dodging
 * Level 5.0 Shields


You had 4 spell levels left.
You didn't know any spells.
Your spell library was empty.

Dungeon Overview and Level Annotations

Branches:
Dungeon (4/15)
 Temple: D:4-7

Altars:
Dithmenos
Gozag
Zin

Annotations:
D:4 Eustachio


Innate Abilities, Weirdness & Mutations

You reflexively headbutt those who attack you in melee.
You have a pair of horns on your head.


Message History

You block the puff of flame.
Eustachio casts a spell.
You block the ogre's attack.
You hit the orc wizard but do no damage.
The orc wizard is severely wounded.
You hit the ogre.
The orc wizard hits you but does no damage.
The orc wizard points at you and mumbles some strange words.
The puff of frost hits you but does no damage.
You resist. The ogre hits you with a +0 giant club!
The orc wizard points at you and mumbles some strange words.
The magic dart hits you.
You slash the orc wizard!
You kill the orc wizard!
You feel your dexterity returning.
Your Axes skill increases to level 4!
Your Shields skill increases to level 5!
You hit the ogre.
The ogre hits you with a +0 giant club!!
You die...

.. .. ##.## ..5. @J#
#######5#######
......ooSS.....
#######O####### #@)#
#######'#####
#...........#
#...........#
###...........#
..#...........#
#########(###........##
........#.# #......#.#
#.......#.# #......#..#


You could see Eustachio, an ogre, an orc priest, an ooze, an adder, a shadow
imp, an orc and an ufetubus.

Vanquished Creatures
  An orc wizard (D:4)
  Robin (D:2)
  4 adders (D:3)
  5 worms
  2 dart slugs
  2 leopard geckos
  3 giant cockroaches
  6 hobgoblins
  8 kobolds
  2 quokkas (D:3)
  2 ball pythons
  7 bats
  5 frilled lizards
  18 goblins
  12 rats
78 creatures vanquished.

Notes
Turn   | Place    | Note
-------+----------+-------------------------------------------
     0 | D:1      | Mithandil the Minotaur Fighter began the quest for the Orb.
     0 | D:1      | Reached XP level 1. HP: 19/19 MP: 0/0
   193 | D:2      | Reached XP level 2. HP: 25/27 MP: 1/1
   295 | D:1      | Reached skill level 4 in Shields
   798 | D:2      | Noticed Robin
   805 | D:2      | Reached XP level 3. HP: 31/33 MP: 2/2
   813 | D:2      | Killed Robin
   813 | D:2      | Reached skill level 1 in Dodging
   931 | D:2      | Found a shadowy altar of Dithmenos.
  1428 | D:3      | Reached XP level 4. HP: 38/40 MP: 3/3
  1604 | D:3      | Found an opulent altar of Gozag.
  1604 | D:3      | Found a glowing silver altar of Zin.
  2379 | D:3      | Reached XP level 5. HP: 38/46 MP: 4/4
  2723 | D:4      | Noticed an ogre
  2723 | D:4      | Noticed Eustachio
  2730 | D:4      | Reached skill level 5 in Shields
  2730 | D:4      | Slain by an ogre

Levels and vault maps discovered:
D:1:      kennysheep_arrival_forest, layout_loops_ring
D:2:      layout_loops_ring, grunt_dithmenos_smoke, uniq_robin
D:3:      minmay_chambers_of_twos, layout_basic,
          grunt_temple_overflow_gold_and_silver
D:4:      layout_basic, kennysheep_little_box, first_ration,
          kennysheep_flooded_box, grunt_decor_mini_mirrors, uniq_purgy,
          uniq_eustachio

Skill      XL: |  1  2  3  4  5 |
---------------+----------------+-----
Shields        | 4 5 |  5.0
Axes           | 3 4 |  4.1
Dodging        | 1 |  1.7
Fighting       | 4 |  4.2
Armour         | 4 |  4.2

Action                   |  1- 3 |  4- 6 || total
-------------------------+-------+-------++-------
Melee: War axe           |    97 |   104 ||   201
       Headbutt          |    12 |    17 ||    29
 Fire: Hunting sling     |       |     7 ||     7
  Use: Scroll            |       |     8 ||     8
       Potion            |       |     3 ||     3
  Eat: Chunk             |     2 |     4 ||     6
Armor: Scale mail        |    50 |     1 ||    51
       Chain mail        |       |    69 ||    69
Dodge: Dodged            |    41 |    29 ||    70
Block: Shield            |    56 |    69 ||   125

Table legend:
 A = Non-vault XP
 B = Vault XP
 C = Vault XP percentage of total XP
 D = Non-vault monster count
 E = Vault monster count
 F = Vault count percentage of total count
                 A         B        C        D         E       F
            +---------+---------+-------+---------+---------+-------
      Total |     175 |      68 |  28.0 |      58 |      20 |  25.6
            +---------+---------+-------+---------+---------+-------
        D:1 |      28 |       0 |   0.0 |      18 |       0 |   0.0
        D:2 |      29 |      37 |  56.1 |      15 |      12 |  44.4
        D:3 |      72 |      31 |  30.1 |      22 |       8 |  26.7
        D:4 |      46 |       0 |   0.0 |       3 |       0 |   0.0
            +---------+---------+-------+---------+---------+-------
